[ AOE2 MATCH · #466288342 ]
Team RMMagyars vs Byzantines
[ REPLAY ANALYSIS · EXTRACTED FROM THE RECORDED GAME ]
Feudal
14:57
Castle
23:53
Imperial
—
| APM avg | 34.4 |
| APM peak | 82 |
| eAPM avg | 12.5 |
| Villagers / military | 51 / 29 |
Focus
⚔️ 19.9% · 🌾 80.1%
Knight ×19 · Fishing Ship ×7 · Scout Cavalry ×6 · Fire Galley ×4
Feudal
14:51
Castle
18:34
Imperial
—
| APM avg | 24.4 |
| APM peak | 54 |
| eAPM avg | 12.6 |
| Villagers / military | 57 / 18 |
Focus
⚔️ 20.8% · 🌾 79.2%
Cataphract ×18
Feudal
12:30
Castle
24:48
Imperial
—
| APM avg | 48.3 |
| APM peak | 106 |
| eAPM avg | 19.2 |
| Villagers / military | 43 / 67 |
Focus
⚔️ 37.8% · 🌾 62.2%
Archer ×57 · Battering Ram ×10 · Fishing Ship ×4
Feudal
15:14
Castle
24:29
Imperial
—
| APM avg | 22.4 |
| APM peak | 42 |
| eAPM avg | 13.1 |
| Villagers / military | 109 / 30 |
Focus
⚔️ 24.0% · 🌾 76.0%
Skirmisher ×12 · Fishing Ship ×9 · Longbowman ×7 · Knight ×4 · Militia ×3 · Archer ×2
Feudal
14:35
Castle
20:07
Imperial
—
| APM avg | 29.1 |
| APM peak | 55 |
| eAPM avg | 17.3 |
| Villagers / military | 68 / 30 |
Focus
⚔️ 26.9% · 🌾 73.1%
Skirmisher ×18 · Fishing Ship ×17 · Monk ×7 · Iron Pagoda ×5
Feudal
13:41
Castle
25:48
Imperial
—
| APM avg | 35.8 |
| APM peak | 90 |
| eAPM avg | 20.8 |
| Villagers / military | 56 / 18 |
Focus
⚔️ 41.7% · 🌾 58.3%
Archer ×16 · Battering Ram ×2
Match map
Initial resources + every placement click. Lines = walls · curves = elevation contours. ◆ gold · ⬟ stone · ● berries · ✦ relic · ◌ wall gap
Your base· Open — 7t gap
Jan Kowalski's base· Open — 7t gap
FranciscoB's base· Open — unwalled flank
Albalio's base· ✓ Closed at 24:29 · 29t walls · fragile
Jota's base· Open — 14t gap
Marianob04's base· Open — 5t gap
Smoothed initial terrain · ◌ = detected wall gap · hover for details
Inputs per minute
— #14 - - Jan Kowalski
Build order — #14
146 actions detected in the replay
| 0:29 | Build | Dock |
| 1:20 | Build | House |
| 1:32 | Build | Town Center |
| 3:51 | Create | Villager (Male) |
| 3:51 | Create | Villager (Male) |
| 3:51 | Create | Villager (Male) |
| 3:51 | Create | Villager (Male) |
| 3:52 | Create | Villager (Male) |
| 5:26 | Create | Villager (Male) |
| 5:26 | Create | Villager (Male) |
| 5:29 | Create | Fishing Ship |
| 6:09 | Create | Villager (Male) |
| 6:26 | Research | Loom |
| 6:32 | Build | House |
| 6:48 | Create | Villager (Male) |
| 7:19 | Create | Villager (Male) |
| 7:31 | Build | House |
| 8:06 | Create | Villager (Male) |
| 8:07 | Create | Villager (Male) |
| 8:12 | Create | Villager (Male) |
| 8:41 | Create | Villager (Male) |
| 9:01 | Create | Fishing Ship |
| 9:09 | Create | Villager (Male) |
| 9:17 | Build | House |
| 10:01 | Create | Fishing Ship |
| 10:02 | Create | Villager (Male) |
| 10:33 | Build | Dock |
| 10:45 | Create | Villager (Male) |
| 10:59 | Create | Villager (Male) |
| 11:53 | Create | Villager (Male) |
| 12:03 | Create | Villager (Male) |
| 12:13 | Build | Mining Camp |
| 12:25 | Create | Fishing Ship |
| 12:47 | Research | Feudal Age |
| 12:47 | Research | Feudal Age |
| 13:05 | Build | Mill |
| 13:13 | Build | House |
| 14:01 | Build | Palisade Gate |
| 14:49 | Build | House |
| 14:55 | Build | Barracks |
| 14:57 | Age | Feudal Age |
| 14:58 | Create | Villager (Male) |
| 15:25 | Create | Villager (Male) |
| 15:25 | Create | Villager (Male) |
| 15:34 | Build | Palisade Wall |
| 15:36 | Build | Palisade Wall |
| 15:58 | Build | Palisade Wall |
| 16:01 | Create | Fire Galley |
| 16:12 | Create | Fire Galley |
| 16:45 | Create | Villager (Male) |
| 16:45 | Create | Villager (Male) |
| 16:58 | Build | Lumber Camp |
| 17:10 | Create | Villager (Male) |
| 17:16 | Create | Villager (Male) |
| 17:20 | Build | House |
| 17:32 | Create | Villager (Male) |
| 17:38 | Create | Fire Galley |
| 17:50 | Create | Villager (Male) |
| 17:54 | Create | Villager (Male) |
| 18:08 | Build | Palisade Wall |
| 18:28 | Create | Villager (Male) |
| 18:36 | Create | Fishing Ship |
| 18:40 | Create | Fire Galley |
| 18:56 | Build | House |
| 18:59 | Build | Palisade Wall |
| 19:11 | Create | Villager (Male) |
| 19:11 | Create | Villager (Male) |
| 19:30 | Build | Stable |
| 19:35 | Build | House |
| 20:16 | Build | Blacksmith |
| 20:19 | Create | Scout Cavalry |
| 20:19 | Create | Scout Cavalry |
| 20:19 | Create | Scout Cavalry |
| 20:54 | Build | House |
| 21:06 | Create | Scout Cavalry |
| 21:13 | Research | Castle Age |
| 21:22 | Build | House |
| 21:39 | Research | Scale Barding Armor |
| 21:55 | Build | House |
| 21:56 | Create | Villager (Male) |
| 21:59 | Build | House |
| 23:17 | Create | Scout Cavalry |
| 23:17 | Create | Scout Cavalry |
| 23:26 | Build | Mill |
| 23:53 | Age | Castle Age |
| 23:59 | Build | House |
| 24:02 | Build | Stable |
| 24:03 | Create | Knight |
| 24:15 | Research | Pikeman (upgrade) |
| 24:23 | Create | Villager (Male) |
| 24:33 | Build | Town Center |
| 24:43 | Build | Lumber Camp |
| 25:07 | Create | Knight |
| 25:07 | Create | Knight |
| 25:13 | Build | Farm |
| 25:14 | Build | Farm |
| 25:15 | Build | Farm |
| 25:16 | Build | Farm |
| 25:16 | Build | Farm |
| 25:17 | Build | Farm |
| 25:17 | Build | Farm |
| 25:20 | Build | House |
| 25:46 | Create | Knight |
| 25:46 | Create | Knight |
| 26:01 | Build | Gate |
| 26:39 | Build | House |
| 26:48 | Build | Farm |
| 26:51 | Build | Farm |
| 26:58 | Build | Farm |
| 26:59 | Build | Farm |
| 27:00 | Create | Villager (Male) |
| 27:00 | Create | Villager (Male) |
| 27:05 | Create | Villager (Male) |
| 27:05 | Create | Villager (Male) |
| 27:11 | Create | Knight |
| 27:11 | Create | Knight |
| 27:12 | Create | Knight |
| 27:23 | Build | Lumber Camp |
| 27:26 | Create | Villager (Male) |
| 27:36 | Build | Mining Camp |
| 27:39 | Build | Mining Camp |
| 27:58 | Research | Bloodlines |
| 28:01 | Create | Knight |
| 28:01 | Create | Knight |
| 28:05 | Create | Fishing Ship |
| 28:08 | Create | Fishing Ship |
| 28:48 | Create | Knight |
| 28:48 | Create | Knight |
| 29:09 | Create | Knight |
| 29:11 | Create | Knight |
| 29:29 | Create | Villager (Male) |
| 29:47 | Create | Villager (Male) |
| 29:47 | Create | Villager (Male) |
| 29:48 | Create | Villager (Male) |
| 29:48 | Create | Villager (Male) |
| 30:48 | Create | Knight |
| 30:48 | Create | Knight |
| 30:48 | Create | Knight |
| 31:03 | Create | Villager (Male) |
| 31:03 | Create | Villager (Male) |
| 31:06 | Create | Knight |
| 31:06 | Create | Knight |
| 32:25 | Create | Villager (Male) |
| 32:25 | Create | Villager (Male) |
| 32:28 | Create | Villager (Male) |
| 32:29 | Create | Villager (Male) |
Build order — Jan Kowalski
136 actions detected in the replay
| 0:56 | Build | Town Center |
| 3:00 | Create | Villager (Male) |
| 3:01 | Create | Villager (Male) ×3 |
| 3:08 | Build | House |
| 3:11 | Build | House |
| 4:04 | Build | House |
| 4:09 | Create | Villager (Male) |
| 4:10 | Create | Villager (Male) |
| 5:08 | Create | Villager (Male) |
| 5:08 | Create | Villager (Male) |
| 5:13 | Create | Villager (Male) |
| 5:13 | Create | Villager (Male) |
| 5:47 | Create | Villager (Male) |
| 5:47 | Create | Villager (Male) |
| 6:03 | Create | Villager (Male) |
| 6:04 | Create | Villager (Male) |
| 6:20 | Create | Villager (Male) |
| 6:20 | Create | Villager (Male) |
| 6:31 | Create | Villager (Male) |
| 6:31 | Create | Villager (Male) |
| 7:34 | Create | Villager (Male) |
| 7:49 | Create | Villager (Male) |
| 8:04 | Create | Villager (Male) |
| 8:26 | Build | Mill |
| 8:54 | Create | Villager (Male) |
| 8:54 | Create | Villager (Male) |
| 9:57 | Create | Villager (Male) |
| 9:57 | Create | Villager (Male) |
| 10:04 | Build | Palisade Wall |
| 10:05 | Build | Palisade Wall |
| 10:30 | Create | Villager (Male) |
| 10:33 | Research | Loom |
| 10:34 | Create | Villager (Male) |
| 11:04 | Create | Villager (Male) |
| 11:21 | Build | House |
| 11:22 | Build | House |
| 11:37 | Create | Villager (Male) |
| 11:39 | Create | Villager (Male) |
| 11:46 | Build | Mining Camp |
| 12:35 | Research | Feudal Age |
| 12:52 | Create | Villager (Male) |
| 12:53 | Create | Villager (Male) |
| 13:35 | Build | House |
| 13:38 | Build | House |
| 13:43 | Build | Palisade Wall |
| 14:33 | Create | Villager (Male) |
| 14:51 | Age | Feudal Age |
| 14:53 | Build | Market |
| 14:55 | Build | Blacksmith |
| 15:10 | Create | Villager (Male) |
| 15:23 | Build | Palisade Wall |
| 15:25 | Build | Palisade Wall |
| 15:31 | Build | Palisade Wall |
| 15:34 | Build | Palisade Wall |
| 15:54 | Research | Castle Age |
| 17:39 | Create | Villager (Male) |
| 18:34 | Age | Castle Age |
| 18:46 | Build | Castle |
| 18:57 | Create | Villager (Male) |
| 19:17 | Build | Farm |
| 19:17 | Build | Farm |
| 19:21 | Build | Farm |
| 19:21 | Build | Farm |
| 19:22 | Build | Farm |
| 19:27 | Research | Horse Collar |
| 19:35 | Build | Lumber Camp |
| 20:06 | Build | Farm |
| 20:06 | Build | Farm |
| 20:06 | Build | Farm |
| 20:08 | Build | Farm |
| 20:25 | Create | Cataphract |
| 20:25 | Create | Cataphract |
| 20:44 | Build | Farm |
| 21:16 | Create | Cataphract |
| 21:22 | Create | Villager (Male) |
| 21:52 | Build | Palisade Gate |
| 22:04 | Create | Villager (Male) |
| 22:28 | Build | Palisade Wall |
| 22:31 | Create | Villager (Male) |
| 22:34 | Create | Cataphract |
| 23:04 | Create | Villager (Male) |
| 23:10 | Create | Cataphract |
| 23:17 | Build | Farm |
| 23:18 | Build | Farm |
| 23:18 | Build | Farm |
| 23:26 | Create | Cataphract |
| 23:37 | Create | Villager (Male) |
| 24:19 | Create | Villager (Male) |
| 24:30 | Build | Castle |
| 24:55 | Create | Cataphract |
| 25:03 | Create | Villager (Male) |
| 25:03 | Create | Villager (Male) |
| 25:12 | Create | Cataphract |
| 25:38 | Create | Villager (Male) |
| 26:27 | Build | Mining Camp |
| 26:36 | Create | Cataphract |
| 26:37 | Create | Cataphract |
| 26:40 | Create | Villager (Male) |
| 26:45 | Build | Mill |
| 27:11 | Create | Cataphract |
| 27:12 | Create | Cataphract |
| 27:15 | Create | Villager (Male) |
| 27:15 | Create | Villager (Male) |
| 27:23 | Build | Farm |
| 27:33 | Create | Villager (Male) |
| 27:35 | Create | Cataphract |
| 27:36 | Create | Cataphract |
| 27:57 | Research | Double-Bit Axe |
| 27:57 | Research | Double-Bit Axe |
| 29:04 | Create | Villager (Male) |
| 29:32 | Create | Villager (Male) |
| 29:44 | Create | Cataphract |
| 29:45 | Create | Cataphract |
| 29:46 | Create | Cataphract |
| 31:02 | Create | Cataphract |
| 31:11 | Create | Villager (Male) |
| 31:11 | Create | Villager (Male) |
| 31:21 | Build | Mill |
| 31:21 | Build | Farm |
| 31:22 | Build | Farm |
| 31:22 | Build | Farm |
| 31:22 | Build | Farm |
| 31:22 | Build | Farm |
| 31:23 | Build | Farm |
| 31:23 | Build | Farm |
| 31:23 | Build | Farm |
| 31:27 | Research | Heavy Plow |
| 31:47 | Create | Villager (Male) |
| 32:10 | Create | Villager (Male) |
| 32:13 | Build | Farm |
| 32:14 | Build | Farm |
| 32:14 | Build | Farm |
| 32:14 | Build | Farm |
| 32:51 | Create | Villager (Male) |
| 33:06 | Create | Villager (Male) |
| 33:32 | Research | Imperial Age |
Build order — FranciscoB
First 150 of 198 actions detected
| 0:24 | Build | Town Center |
| 0:48 | Build | House |
| 0:51 | Build | Dock |
| 3:19 | Create | Villager (Male) |
| 3:20 | Create | Villager (Male) |
| 3:20 | Create | Villager (Male) |
| 3:20 | Create | Villager (Male) |
| 3:20 | Create | Villager (Male) |
| 3:21 | Research | Loom |
| 4:15 | Create | Villager (Male) |
| 4:15 | Create | Villager (Male) |
| 4:46 | Create | Villager (Male) |
| 4:46 | Create | Villager (Male) |
| 4:47 | Create | Villager (Male) |
| 5:23 | Create | Fishing Ship |
| 5:37 | Build | House |
| 6:04 | Create | Villager (Male) |
| 6:05 | Create | Villager (Male) |
| 6:39 | Create | Villager (Male) |
| 6:51 | Build | House |
| 7:40 | Create | Villager (Male) |
| 7:43 | Create | Fishing Ship |
| 8:05 | Create | Villager (Male) |
| 8:29 | Create | Villager (Male) |
| 8:29 | Create | Fishing Ship |
| 8:36 | Build | House |
| 8:55 | Create | Villager (Male) |
| 9:07 | Create | Fishing Ship |
| 9:13 | Create | Villager (Male) |
| 9:43 | Build | Lumber Camp |
| 10:20 | Research | Feudal Age |
| 10:20 | Research | Feudal Age |
| 10:20 | Research | Feudal Age |
| 10:38 | Build | Barracks |
| 11:16 | Create | Villager (Male) |
| 11:17 | Create | Villager (Male) |
| 11:40 | Build | House |
| 11:55 | Build | Mill |
| 12:30 | Age | Feudal Age |
| 12:33 | Build | Archery Range |
| 12:47 | Build | Blacksmith |
| 12:49 | Build | House |
| 13:03 | Build | House |
| 13:05 | Build | Palisade Wall |
| 13:35 | Build | Archery Range |
| 13:46 | Create | Archer |
| 13:46 | Create | Archer |
| 13:50 | Create | Villager (Male) |
| 14:00 | Research | Double-Bit Axe |
| 14:05 | Build | House |
| 14:13 | Build | Palisade Wall |
| 14:14 | Build | Palisade Wall |
| 14:25 | Build | House |
| 14:32 | Build | Palisade Wall |
| 14:38 | Create | Archer |
| 14:39 | Create | Archer |
| 14:39 | Create | Villager (Male) |
| 14:44 | Create | Archer |
| 14:48 | Research | Fletching |
| 14:48 | Research | Fletching |
| 15:00 | Create | Archer |
| 15:01 | Create | Archer |
| 15:29 | Build | Palisade Gate |
| 15:34 | Create | Villager (Male) |
| 15:36 | Create | Archer |
| 15:36 | Create | Archer |
| 15:49 | Create | Archer |
| 15:49 | Create | Archer |
| 15:53 | Create | Villager (Male) |
| 15:57 | Build | Farm |
| 15:57 | Build | Farm |
| 15:57 | Build | Farm |
| 15:57 | Build | Farm |
| 15:58 | Build | Farm |
| 16:01 | Create | Villager (Male) |
| 16:03 | Build | Farm |
| 16:03 | Build | Farm |
| 16:04 | Build | Farm |
| 16:04 | Build | Farm |
| 16:04 | Build | Farm |
| 16:34 | Create | Villager (Male) |
| 16:36 | Create | Villager (Male) |
| 16:43 | Build | Farm |
| 16:53 | Create | Archer |
| 16:53 | Create | Archer |
| 17:03 | Create | Villager (Male) |
| 17:13 | Build | Farm |
| 17:17 | Build | House |
| 17:20 | Build | House |
| 17:23 | Build | Palisade Gate |
| 17:37 | Create | Archer |
| 17:37 | Create | Archer |
| 17:50 | Create | Archer |
| 17:52 | Create | Villager (Male) |
| 18:12 | Build | Farm |
| 18:13 | Create | Archer |
| 18:29 | Create | Archer |
| 18:29 | Create | Archer |
| 18:43 | Create | Archer |
| 18:44 | Create | Archer |
| 19:10 | Build | House |
| 19:11 | Build | House |
| 19:12 | Build | House |
| 19:24 | Create | Archer |
| 19:25 | Create | Archer |
| 19:36 | Create | Archer |
| 19:37 | Create | Archer |
| 19:38 | Create | Villager (Male) |
| 19:38 | Create | Villager (Male) |
| 19:38 | Create | Villager (Male) |
| 19:49 | Build | Farm |
| 19:51 | Build | Farm |
| 19:59 | Create | Villager (Male) |
| 20:02 | Create | Archer |
| 20:02 | Create | Archer |
| 20:47 | Create | Villager (Male) |
| 20:49 | Create | Archer |
| 20:50 | Create | Archer |
| 20:56 | Build | Farm |
| 21:34 | Build | House |
| 22:07 | Create | Archer |
| 22:07 | Create | Archer |
| 22:08 | Research | Castle Age |
| 22:09 | Research | Castle Age |
| 23:21 | Create | Archer |
| 23:21 | Create | Archer |
| 23:31 | Create | Archer |
| 23:31 | Create | Archer |
| 23:35 | Build | House |
| 23:55 | Create | Archer |
| 23:55 | Create | Archer |
| 24:15 | Build | Palisade Wall |
| 24:20 | Build | House |
| 24:34 | Build | Mining Camp |
| 24:41 | Build | Mining Camp |
| 24:42 | Create | Archer |
| 24:43 | Create | Archer |
| 24:48 | Age | Castle Age |
| 24:50 | Research | Bodkin Arrow |
| 24:50 | Research | Bodkin Arrow |
| 24:51 | Research | Crossbowman (upgrade) |
| 24:51 | Research | Crossbowman (upgrade) |
| 24:51 | Research | Thumb Ring |
| 24:52 | Research | Thumb Ring |
| 24:52 | Research | Thumb Ring |
| 24:57 | Build | University |
| 25:01 | Create | Villager (Male) |
| 25:01 | Create | Villager (Male) |
| 25:17 | Build | Siege Workshop |
| 25:31 | Create | Villager (Male) |
Build order — Albalio
First 150 of 172 actions detected
| 0:55 | Build | Town Center |
| 2:50 | Create | Villager (Male) ×4 |
| 2:51 | Research | Loom |
| 2:59 | Build | House |
| 4:13 | Create | Villager (Male) |
| 4:13 | Create | Villager (Male) |
| 5:05 | Create | Villager (Male) |
| 5:26 | Build | House |
| 5:31 | Create | Villager (Male) |
| 5:56 | Create | Villager (Male) |
| 5:56 | Create | Villager (Male) |
| 6:04 | Create | Villager (Male) |
| 6:05 | Create | Villager (Male) |
| 6:36 | Create | Villager (Male) |
| 6:36 | Create | Villager (Male) |
| 7:09 | Build | Dock |
| 7:11 | Build | House |
| 7:22 | Create | Villager (Male) |
| 7:22 | Create | Villager (Male) |
| 7:45 | Create | Villager (Male) |
| 7:45 | Create | Villager (Male) |
| 8:02 | Create | Villager (Male) |
| 8:02 | Create | Villager (Male) |
| 8:19 | Create | Fishing Ship |
| 8:20 | Create | Fishing Ship |
| 8:29 | Create | Villager (Male) |
| 8:33 | Build | House |
| 8:45 | Create | Villager (Male) |
| 8:59 | Create | Fishing Ship |
| 9:05 | Create | Villager (Male) |
| 9:24 | Build | House |
| 9:44 | Build | Palisade Wall |
| 9:58 | Create | Fishing Ship |
| 10:05 | Build | House |
| 10:09 | Create | Villager (Male) |
| 10:09 | Create | Villager (Male) |
| 10:10 | Create | Villager (Male) |
| 10:12 | Create | Villager (Male) |
| 10:34 | Build | Mill |
| 10:37 | Build | Palisade Wall |
| 10:42 | Create | Villager (Male) |
| 10:42 | Create | Villager (Male) |
| 11:03 | Create | Fishing Ship |
| 11:19 | Build | Palisade Wall |
| 11:35 | Create | Villager (Male) |
| 11:36 | Create | Fishing Ship |
| 11:57 | Create | Villager (Male) |
| 11:57 | Create | Villager (Male) |
| 12:12 | Create | Fishing Ship |
| 12:50 | Build | Mill |
| 13:01 | Research | Feudal Age |
| 13:14 | Build | House |
| 13:23 | Create | Fishing Ship |
| 13:46 | Create | Fishing Ship |
| 13:55 | Build | Outpost |
| 14:46 | Build | Barracks |
| 14:54 | Build | Palisade Wall |
| 15:12 | Create | Villager (Male) |
| 15:13 | Create | Villager (Male) |
| 15:13 | Create | Villager (Male) |
| 15:14 | Age | Feudal Age |
| 15:22 | Build | Watch Tower |
| 15:26 | Create | Villager (Male) |
| 15:26 | Create | Villager (Male) |
| 15:43 | Build | Archery Range |
| 16:31 | Build | Lumber Camp |
| 16:41 | Create | Villager (Male) |
| 16:41 | Create | Villager (Male) |
| 16:50 | Create | Archer |
| 16:50 | Create | Archer |
| 16:51 | Create | Skirmisher |
| 16:51 | Create | Skirmisher |
| 17:29 | Build | House |
| 17:55 | Create | Villager (Male) |
| 17:55 | Create | Villager (Male) |
| 18:26 | Create | Skirmisher |
| 18:26 | Create | Skirmisher |
| 18:27 | Create | Skirmisher |
| 18:29 | Create | Villager (Male) |
| 18:29 | Create | Villager (Male) |
| 18:43 | Build | Watch Tower |
| 19:00 | Build | House |
| 19:05 | Build | House |
| 19:12 | Build | Mining Camp |
| 20:04 | Build | House |
| 20:07 | Build | House |
| 20:08 | Build | House |
| 20:30 | Build | Palisade Wall |
| 20:34 | Create | Villager (Male) |
| 20:34 | Create | Villager (Male) |
| 20:34 | Create | Villager (Male) |
| 20:45 | Build | Blacksmith |
| 20:50 | Create | Skirmisher |
| 20:50 | Create | Skirmisher |
| 21:28 | Research | Castle Age |
| 21:33 | Build | Watch Tower |
| 21:40 | Build | Watch Tower |
| 22:40 | Research | Double-Bit Axe |
| 22:58 | Create | Skirmisher |
| 22:59 | Create | Skirmisher |
| 23:55 | Research | Fletching |
| 24:04 | Create | Villager (Male) |
| 24:05 | Create | Villager (Male) |
| 24:29 | Age | Castle Age |
| 24:42 | Build | Castle |
| 24:52 | Build | Town Center |
| 24:54 | Create | Villager (Male) |
| 24:54 | Create | Villager (Male) |
| 24:55 | Create | Villager (Male) |
| 24:55 | Create | Villager (Male) |
| 25:00 | Create | Skirmisher |
| 25:00 | Create | Skirmisher |
| 25:01 | Create | Skirmisher |
| 25:11 | Build | Stable |
| 25:43 | Research | Padded Archer Armor |
| 25:52 | Build | Farm |
| 25:56 | Build | Farm |
| 25:56 | Build | Farm |
| 25:56 | Build | Farm |
| 25:57 | Build | Farm |
| 25:58 | Build | Farm |
| 26:20 | Build | Palisade Gate |
| 26:24 | Build | Mining Camp |
| 26:51 | Create | Villager (Male) ×4 |
| 26:52 | Create | Villager (Male) ×4 |
| 27:33 | Build | Mining Camp |
| 27:44 | Create | Villager (Male) ×2 |
| 27:44 | Create | Villager (Male) ×2 |
| 28:34 | Build | Castle |
| 28:41 | Create | Villager (Male) ×4 |
| 28:41 | Create | Villager (Male) ×4 |
| 29:31 | Build | Town Center |
| 30:02 | Build | Palisade Gate |
| 30:11 | Research | Wheelbarrow |
| 30:12 | Create | Villager (Male) ×5 |
| 30:12 | Create | Villager (Male) ×5 |
| 30:42 | Build | Siege Workshop |
| 30:49 | Create | Villager (Male) ×4 |
| 30:49 | Create | Villager (Male) ×4 |
| 31:00 | Build | Lumber Camp |
| 31:44 | Build | Gate |
| 31:48 | Create | Battering Ram |
| 31:51 | Create | Villager (Male) |
| 31:52 | Create | Villager (Male) |
| 32:08 | Research | Bodkin Arrow |
| 32:15 | Create | Battering Ram |
| 32:19 | Create | Longbowman |
| 32:20 | Create | Longbowman |
| 32:20 | Create | Longbowman |
| 32:23 | Create | Villager (Male) |
Build order — Jota
First 150 of 191 actions detected
| 0:11 | Build | House |
| 0:33 | Build | Town Center |
| 2:47 | Research | Loom |
| 3:21 | Build | Dock |
| 4:05 | Create | Villager (Male) |
| 4:15 | Build | Palisade Wall |
| 4:16 | Build | Palisade Wall |
| 4:34 | Create | Villager (Male) |
| 4:54 | Create | Villager (Male) |
| 4:55 | Create | Villager (Male) |
| 5:15 | Create | Villager (Male) |
| 5:15 | Create | Villager (Male) |
| 5:15 | Create | Villager (Male) |
| 5:43 | Create | Villager (Male) |
| 5:43 | Create | Villager (Male) |
| 6:07 | Create | Villager (Male) |
| 6:07 | Create | Villager (Male) |
| 6:14 | Create | Fishing Ship |
| 6:14 | Create | Fishing Ship |
| 6:47 | Create | Villager (Male) |
| 6:47 | Create | Villager (Male) |
| 6:47 | Create | Villager (Male) |
| 7:02 | Create | Fishing Ship |
| 7:03 | Create | Fishing Ship |
| 7:03 | Create | Fishing Ship |
| 7:09 | Create | Villager (Male) |
| 7:09 | Create | Villager (Male) |
| 7:39 | Create | Fishing Ship |
| 7:39 | Create | Fishing Ship |
| 7:48 | Create | Villager (Male) |
| 7:48 | Create | Villager (Male) |
| 8:04 | Build | House |
| 8:05 | Build | House |
| 8:15 | Create | Villager (Male) |
| 8:15 | Create | Villager (Male) |
| 8:15 | Create | Villager (Male) |
| 8:16 | Create | Villager (Male) |
| 8:34 | Create | Fishing Ship |
| 8:35 | Create | Fishing Ship |
| 9:08 | Create | Villager (Male) |
| 9:08 | Create | Villager (Male) |
| 9:10 | Create | Fishing Ship |
| 9:10 | Create | Fishing Ship |
| 9:15 | Create | Villager (Male) |
| 9:16 | Create | Villager (Male) |
| 9:16 | Create | Villager (Male) |
| 9:43 | Build | Mill |
| 9:50 | Create | Fishing Ship |
| 9:51 | Create | Fishing Ship |
| 9:55 | Create | Villager (Male) |
| 9:55 | Create | Villager (Male) |
| 9:55 | Create | Villager (Male) |
| 10:10 | Build | House |
| 10:38 | Build | Mining Camp |
| 10:47 | Create | Fishing Ship |
| 10:47 | Create | Fishing Ship |
| 11:24 | Create | Fishing Ship |
| 11:24 | Create | Fishing Ship |
| 11:46 | Build | Palisade Wall |
| 11:50 | Create | Villager (Male) |
| 12:17 | Build | House |
| 12:25 | Research | Feudal Age |
| 12:53 | Build | Palisade Wall |
| 12:59 | Build | Barracks |
| 13:06 | Build | Farm |
| 13:08 | Build | Farm |
| 13:11 | Build | Farm |
| 13:14 | Build | Farm |
| 14:02 | Build | Palisade Gate |
| 14:35 | Age | Feudal Age |
| 14:47 | Build | Archery Range |
| 14:50 | Build | House |
| 14:55 | Create | Villager (Male) |
| 15:01 | Research | Tech 906 |
| 15:29 | Create | Villager (Male) |
| 15:48 | Build | Blacksmith |
| 15:57 | Build | Palisade Wall |
| 15:59 | Build | Palisade Wall |
| 16:06 | Create | Villager (Male) |
| 16:27 | Build | Palisade Wall |
| 16:29 | Build | Palisade Wall |
| 16:38 | Create | Skirmisher |
| 16:38 | Create | Skirmisher |
| 17:25 | Research | Padded Archer Armor |
| 17:27 | Research | Castle Age |
| 17:31 | Build | Lumber Camp |
| 17:50 | Create | Skirmisher |
| 17:50 | Create | Skirmisher |
| 17:52 | Research | Fletching |
| 17:53 | Create | Villager (Male) |
| 17:56 | Research | Double-Bit Axe |
| 17:59 | Build | Lumber Camp |
| 18:32 | Create | Skirmisher |
| 18:32 | Create | Skirmisher |
| 18:48 | Create | Skirmisher |
| 18:48 | Create | Skirmisher |
| 19:58 | Build | Archery Range |
| 20:01 | Build | Stable |
| 20:07 | Age | Castle Age |
| 20:15 | Research | Bow Saw |
| 20:31 | Research | Bodkin Arrow |
| 20:32 | Research | Leather Archer Armor |
| 21:01 | Research | Elite Skirmisher (upgrade) |
| 21:13 | Research | Thumb Ring |
| 21:14 | Create | Skirmisher |
| 21:14 | Create | Skirmisher |
| 21:22 | Create | Villager (Male) |
| 21:22 | Create | Villager (Male) |
| 21:25 | Research | Wheelbarrow |
| 21:50 | Build | Palisade Gate |
| 21:52 | Build | House |
| 22:24 | Create | Skirmisher |
| 22:25 | Create | Villager (Male) |
| 22:31 | Build | Town Center |
| 23:07 | Build | Siege Workshop |
| 23:11 | Create | Skirmisher |
| 23:11 | Create | Villager (Male) |
| 23:12 | Create | Villager (Male) |
| 23:19 | Build | House |
| 23:20 | Build | House |
| 23:35 | Create | Skirmisher |
| 23:36 | Create | Skirmisher |
| 23:41 | Build | House |
| 23:42 | Build | House |
| 24:15 | Create | Iron Pagoda |
| 24:20 | Create | Villager (Male) |
| 24:24 | Create | Skirmisher |
| 24:24 | Create | Skirmisher |
| 25:02 | Create | Villager (Male) |
| 25:46 | Build | Monastery |
| 26:29 | Create | Villager (Male) |
| 26:29 | Create | Villager (Male) |
| 26:33 | Build | Farm |
| 26:36 | Build | Farm |
| 26:36 | Build | Farm |
| 26:36 | Build | Farm |
| 26:36 | Build | Farm |
| 26:36 | Build | Farm |
| 26:42 | Build | Town Center |
| 26:49 | Create | Skirmisher |
| 26:50 | Create | Skirmisher |
| 26:57 | Create | Iron Pagoda |
| 27:13 | Create | Monk |
| 27:14 | Create | Monk |
| 27:27 | Create | Villager (Male) |
| 27:27 | Create | Villager (Male) |
| 27:32 | Build | Mining Camp |
| 27:46 | Build | House |
| 28:10 | Create | Monk |
| 28:17 | Create | Villager (Male) |
Build order — Marianob04
144 actions detected in the replay
| 0:29 | Build | Town Center |
| 1:12 | Build | House |
| 1:45 | Build | House |
| 2:40 | Create | Villager (Male) |
| 2:56 | Create | Villager (Male) |
| 3:06 | Create | Villager (Male) |
| 3:08 | Create | Villager (Male) |
| 3:09 | Create | Villager (Male) |
| 3:51 | Create | Villager (Male) |
| 4:53 | Create | Villager (Male) |
| 5:04 | Create | Villager (Male) |
| 5:04 | Create | Villager (Male) |
| 5:58 | Create | Villager (Male) |
| 5:59 | Create | Villager (Male) |
| 6:14 | Create | Villager (Male) |
| 6:56 | Create | Villager (Male) |
| 6:57 | Create | Villager (Male) |
| 7:10 | Build | House |
| 7:24 | Create | Villager (Male) |
| 7:30 | Create | Villager (Male) |
| 7:32 | Build | Mill |
| 7:58 | Create | Villager (Male) |
| 8:21 | Build | House |
| 8:28 | Create | Villager (Male) |
| 8:29 | Create | Villager (Male) |
| 8:39 | Build | House |
| 8:44 | Create | Villager (Male) |
| 8:44 | Create | Villager (Male) |
| 9:06 | Build | House |
| 9:14 | Research | Loom |
| 9:15 | Research | Loom |
| 9:43 | Create | Villager (Male) |
| 10:10 | Create | Villager (Male) |
| 10:15 | Build | Mining Camp |
| 10:23 | Build | Lumber Camp |
| 11:06 | Create | Villager (Male) |
| 11:08 | Create | Villager (Male) |
| 11:17 | Research | Feudal Age |
| 12:09 | Build | Barracks |
| 12:36 | Create | Villager (Male) |
| 12:56 | Create | Villager (Male) |
| 13:41 | Age | Feudal Age |
| 13:45 | Build | House |
| 13:48 | Build | Archery Range |
| 13:51 | Build | Archery Range |
| 14:06 | Create | Villager (Male) |
| 14:32 | Create | Villager (Male) |
| 14:38 | Build | House |
| 14:42 | Build | Palisade Wall |
| 14:44 | Build | Palisade Wall |
| 14:51 | Build | Blacksmith |
| 14:52 | Create | Villager (Male) |
| 14:57 | Create | Archer |
| 15:08 | Build | Palisade Gate |
| 15:15 | Build | Palisade Gate |
| 15:17 | Build | House |
| 15:19 | Create | Villager (Male) |
| 15:27 | Create | Villager (Male) |
| 15:33 | Create | Villager (Male) |
| 15:37 | Create | Villager (Male) |
| 15:41 | Research | Fletching |
| 15:46 | Build | Palisade Gate |
| 15:52 | Create | Villager (Male) |
| 15:55 | Create | Archer |
| 15:55 | Create | Archer |
| 16:01 | Create | Archer |
| 16:02 | Create | Archer |
| 16:06 | Build | House |
| 16:10 | Build | Mining Camp |
| 16:19 | Create | Archer |
| 16:19 | Create | Archer |
| 16:42 | Create | Archer |
| 16:42 | Create | Archer |
| 17:00 | Create | Villager (Male) |
| 17:02 | Create | Archer |
| 17:02 | Create | Archer |
| 17:19 | Create | Archer |
| 17:19 | Create | Archer |
| 17:22 | Build | Farm |
| 17:22 | Build | Farm |
| 17:22 | Build | Farm |
| 17:22 | Build | Farm |
| 17:23 | Build | Farm |
| 17:41 | Create | Villager (Male) |
| 17:41 | Create | Villager (Male) |
| 18:14 | Create | Villager (Male) |
| 18:14 | Create | Villager (Male) |
| 18:22 | Create | Villager (Male) |
| 18:22 | Create | Villager (Male) |
| 18:39 | Create | Villager (Male) |
| 18:52 | Build | Farm |
| 18:52 | Build | Farm |
| 18:53 | Build | Farm |
| 18:53 | Build | Farm |
| 18:53 | Build | Farm |
| 18:53 | Build | Farm |
| 18:54 | Build | Farm |
| 18:54 | Build | Farm |
| 18:54 | Build | Farm |
| 19:37 | Create | Villager (Male) |
| 19:45 | Build | Farm |
| 19:56 | Research | Double-Bit Axe |
| 20:05 | Build | Palisade Wall |
| 20:10 | Build | Farm |
| 20:10 | Build | Farm |
| 20:32 | Build | Market |
| 20:34 | Create | Villager (Male) |
| 20:56 | Create | Archer |
| 21:10 | Build | Gate |
| 21:13 | Build | House |
| 21:24 | Build | House |
| 21:29 | Build | Stone Wall |
| 21:54 | Create | Villager (Male) |
| 22:16 | Create | Villager (Male) |
| 22:57 | Create | Villager (Male) |
| 23:06 | Research | Castle Age |
| 23:20 | Build | Mining Camp |
| 23:20 | Create | Villager (Male) |
| 23:40 | Build | Gate |
| 23:45 | Build | Stone Wall |
| 23:47 | Build | Stone Wall |
| 24:18 | Build | House |
| 24:20 | Build | Stone Wall |
| 24:21 | Build | House |
| 25:44 | Build | Archery Range |
| 25:48 | Age | Castle Age |
| 25:53 | Build | Siege Workshop |
| 26:35 | Create | Battering Ram |
| 26:38 | Research | Crossbowman (upgrade) |
| 26:39 | Create | Archer |
| 26:39 | Create | Archer |
| 27:10 | Create | Villager (Male) |
| 27:24 | Create | Villager (Male) |
| 27:34 | Build | Town Center |
| 27:58 | Build | Lumber Camp |
| 28:15 | Create | Villager (Male) |
| 28:19 | Create | Battering Ram |
| 29:47 | Build | Stone Wall |
| 29:53 | Create | Villager (Male) |
| 30:09 | Research | Bow Saw |
| 30:12 | Create | Villager (Male) |
| 30:25 | Create | Villager (Male) |
| 31:02 | Build | Farm |
| 31:13 | Create | Villager (Male) |
Match timeline
| 0:29 | #14 · first_building Dock |
| 0:51 | FranciscoB · first_building Dock |
| 3:21 | Jota · first_building Dock |
| 4:15 | Jota · wall_segment Palisade Wall x1 |
| 4:16 | Jota · wall_segment Palisade Wall x1 |
| 7:09 | Albalio · first_building Dock |
| 9:44 | Albalio · wall_segment Palisade Wall x2 |
| 10:04 | Jan Kowalski · wall_segment Palisade Wall x9 |
| 10:05 | Jan Kowalski · wall_segment Palisade Wall x4 |
| 10:37 | Albalio · wall_segment Palisade Wall x3 |
| 10:38 | FranciscoB · first_building Barracks |
| 11:19 | Albalio · wall_segment Palisade Wall x4 |
| 11:46 | Jota · wall_segment Palisade Wall x5 |
| 12:09 | Marianob04 · first_building Barracks |
| 12:30 | FranciscoB · age_up feudal |
| 12:33 | FranciscoB · first_building Archery Range |
| 12:53 | Jota · wall_segment Palisade Wall x4 |
| 12:59 | Jota · first_building Barracks |
| 13:05 | FranciscoB · wall_segment Palisade Wall x6 |
| 13:41 | Marianob04 · age_up feudal |
| 13:43 | Jan Kowalski · wall_segment Palisade Wall x10 |
| 13:48 | Marianob04 · first_building Archery Range |
| 14:13 | FranciscoB · wall_segment Palisade Wall x2 |
| 14:14 | FranciscoB · wall_segment Palisade Wall x1 |
| 14:32 | FranciscoB · wall_segment Palisade Wall x16 |
| 14:35 | Jota · age_up feudal |
| 14:42 | Marianob04 · wall_segment Palisade Wall x4 |
| 14:44 | Marianob04 · wall_segment Palisade Wall x8 |
| 14:46 | Albalio · first_building Barracks |
| 14:47 | Jota · first_building Archery Range |
| 14:51 | Jan Kowalski · age_up feudal |
| 14:54 | Albalio · wall_segment Palisade Wall x9 |
| 14:55 | #14 · first_building Barracks |
| 14:57 | #14 · age_up feudal |
| 15:14 | Albalio · age_up feudal |
| 15:23 | Jan Kowalski · wall_segment Palisade Wall x6 |
| 15:25 | Jan Kowalski · wall_segment Palisade Wall x11 |
| 15:31 | Jan Kowalski · wall_segment Palisade Wall x1 |
| 15:34 | Jan Kowalski · wall_segment Palisade Wall x5 |
| 15:34 | #14 · wall_segment Palisade Wall x1 |
| 15:36 | #14 · wall_segment Palisade Wall x1 |
| 15:43 | Albalio · first_building Archery Range |
| 15:57 | Jota · wall_segment Palisade Wall x2 |
| 15:58 | #14 · wall_segment Palisade Wall x1 |
| 15:59 | Jota · wall_segment Palisade Wall x2 |
| 16:27 | Jota · wall_segment Palisade Wall x5 |
| 16:29 | Jota · wall_segment Palisade Wall x3 |
| 18:08 | #14 · wall_segment Palisade Wall x3 |
| 18:34 | Jan Kowalski · age_up castle |
| 18:46 | Jan Kowalski · first_building Castle |
| 18:59 | #14 · wall_segment Palisade Wall x1 |
| 19:30 | #14 · first_building Stable |
| 20:01 | Jota · first_building Stable |
| 20:05 | Marianob04 · wall_segment Palisade Wall x2 |
| 20:07 | Jota · age_up castle |
| 20:30 | Albalio · wall_segment Palisade Wall x11 |
| 21:15 | Jan Kowalski · first_market_sell 100 food |
| 21:29 | Marianob04 · wall_segment Stone Wall x6 |
| 21:56 | Marianob04 · first_market_buy 100 food |
| 22:28 | Jan Kowalski · wall_segment Palisade Wall x1 |
| 23:07 | Jota · first_building Siege Workshop |
| 23:45 | Marianob04 · wall_segment Stone Wall x6 |
| 23:47 | Marianob04 · wall_segment Stone Wall x3 |
| 23:53 | #14 · age_up castle |
| 24:15 | FranciscoB · wall_segment Palisade Wall x1 |
| 24:20 | Marianob04 · wall_segment Stone Wall x1 |
| 24:29 | Albalio · age_up castle |
| 24:42 | Albalio · first_building Castle |
| 24:48 | FranciscoB · age_up castle |
| 25:11 | Albalio · first_building Stable |
| 25:17 | FranciscoB · first_building Siege Workshop |
| 25:46 | Jota · first_building Monastery |
| 25:48 | Marianob04 · age_up castle |
| 25:53 | Marianob04 · first_building Siege Workshop |
| 27:53 | Marianob04 · first_market_sell 100 food |
| 29:47 | Marianob04 · wall_segment Stone Wall x1 |
| 30:42 | Albalio · first_building Siege Workshop |
| 31:24 | Marianob04 · resign |
| 32:04 | Jota · wall_segment Palisade Wall x1 |
| 32:05 | Jota · wall_segment Palisade Wall x1 |
| 32:06 | Jota · wall_segment Palisade Wall x1 |
| 32:10 | Jota · wall_segment Palisade Wall x1 |
| 32:12 | Jota · wall_segment Palisade Wall x1 |
| 33:35 | Albalio · first_building Monastery |
[ AI ANALYSIS · 1 CREDIT ]
What really happened in this match?
Wolo.gg analyzes every decision: build order, eco, micro, common mistakes by bracket. Personalized analysis on WhatsApp or Discord in 30 seconds.
Civ guide
Magyars
Map guide
Nomad
Perfil
#14